 Dungeon Crawl Stone Soup version 0.24-a0-137-gd96d3d62bd (webtiles) character file.

Game seed: 0

574 MirrMurr the Skirmisher (level 7, -5/112 HPs)
             Began as an Ogre Berserker on Mar 1, 2019.
             Was a Priest of Trog.
             Slain by an orc warrior
             ... wielding a +0 trident
              (12 damage)
             ... on level 5 of the Dungeon.
             The game lasted 00:09:46 (4752 turns).

MirrMurr the Skirmisher (Ogre Berserker)            Turns: 4752, Time: 00:09:46

Health: -5/112     AC:  4    Str: 27    XL:     7   Next: 34%
Magic:  7/7        EV: 11    Int:  8    God:    Trog [***...]
Gold:   155        SH:  0    Dex: 10    Spells: 6/6 levels left

rFire    + . .     SeeInvis .   a - +0 spear
rCold    . . .     Gourm    .   (no shield)
rNeg     . . .     Faith    .   x - +1 robe {rF+}
rPois    .         Spirit   .   (helmet restricted)
rElec    .         Reflect  .   (no cloak)
rCorr    .         Harm     .   (gloves unavailable)
MR       .....                  (boots unavailable)
Stlth    ..........             (no amulet)
HPRegen  0.28/turn              (no ring)
MPRegen  0.10/turn              (no ring)

@: berserking (expiring), very quick
A: large, unfitting armour, tough skin 1
a: Berserk, Trog's Hand, Renounce Religion


You were on level 5 of the Dungeon.
You worshipped Trog.
Trog was most pleased with you.
You were near starving.

You visited 1 branch of the dungeon, and saw 5 of its levels.

You collected 155 gold pieces.

Inventory:

Hand Weapons
 a - a +0 spear (weapon)
 b - a +0 hunting sling
Missiles
 e - 113 stones (quivered)
 g - 25 sling bullets
 r - 9 large rocks
 B - a throwing net
Armour
 x - a +1 robe of fire resistance (worn)
Jewellery
 l - an uncursed amulet of the gourmand {unknown}
 s - an uncursed ring of protection from fire {unknown}
Scrolls
 i - 2 scrolls of remove curse {unknown}
 j - 4 scrolls of teleportation
 n - a scroll of immolation {unknown}
 o - 2 scrolls of noise {unknown}
 p - 2 scrolls of blinking {unknown}
 u - a scroll of amnesia {unknown}
 w - 2 scrolls of identify {unknown}
 y - 2 scrolls of fog {unknown}
 A - 2 scrolls of magic mapping {unknown}
 C - a scroll of enchant weapon {unknown}
Potions
 d - a potion of brilliance {unknown}
 f - 5 potions of curing {unknown}
 h - 2 potions of might {unknown}
 k - a potion of degeneration {unknown}
 m - a potion of mutation {unknown}
 q - a potion of heal wounds {unknown}
 t - a potion of flight {unknown}
 z - a potion of agility {unknown}
Comestibles
 c - 6 rations


   Skills:
 + Level 6.0 Fighting
 * Level 5.9 Polearms
 + Level 2.2 Throwing
 + Level 4.2 Dodging


You had 6 spell levels left.
You didn't know any spells.
Your spell library was empty.

Dungeon Overview and Level Annotations

Branches:
Dungeon (5/15)             Temple (0/1) D:4

Altars:
Ru
Trog
Uskayaw
Wu Jian
Xom

Shops:
D:4 }


Innate Abilities, Weirdness & Mutations

You are too large for most types of armour.
You have tough skin. (AC +1)


Message History

The orc warrior hits you with a +0 trident!!
You closely miss the orc warrior. You barely miss the orc warrior.
The orc warrior hits you with a +0 trident!!
You hit the orc warrior.
The orc warrior is lightly wounded.
You hit the orc warrior.
The orc warrior is moderately wounded.
The orc warrior hits you with a +0 trident!!
* * * LOW HITPOINT WARNING * * *
You puncture the orc warrior!
The orc warrior is severely wounded.
You hit the orc warrior.
The orc warrior is almost dead.
The orc warrior hits you with a +0 trident!
* * * LOW HITPOINT WARNING * * *
You hit the orc warrior but do no damage.
The orc warrior is almost dead.
The orc warrior hits you with a +0 trident!
You die...

## # ..
###
#...#.#<#
......)@#
.#.#.#.o#
........#
.#.#.#.(#
........#
.#.#.#..#
.......(#
.#.#.#...


You could see an orc warrior.

Vanquished Creatures
  A water moccasin (D:3)
  2 ogres
  An orc priest (D:4)
  Jessica (D:3)
  An iguana (D:4)
  2 orc wizards
  A hound zombie (D:2)
  4 adders
  An ooze (D:1)
  An adder zombie (D:2)
  An adder skeleton (D:2)
  2 worms (D:3)
  12 orcs
  2 bat skeletons (D:2)
  2 giant cockroaches (D:1)
  10 goblins
  12 hobgoblins
  2 jackals (D:4)
  2 quokkas
  4 bats
  4 frilled lizards
  A jackal skeleton (D:2)
  15 kobolds
  2 leopard gecko skeletons (D:2)
  2 leopard gecko zombies (D:2)
  A quokka skeleton (D:2)
  19 rats
108 creatures vanquished.

Notes
Turn   | Place    | Note
-------+----------+-------------------------------------------
     0 | D:1      | MirrMurr the Ogre Berserker began the quest for the Orb.
     0 | D:1      | Reached XP level 1. HP: 24/24 MP: 1/1
    34 | D:1      | Reached XP level 2. HP: 26/32 MP: 2/2
   507 | D:1      | Reached XP level 3. HP: 27/40 MP: 3/3
   796 | D:1      | Reached ** piety under Trog
  1589 | D:2      | Reached XP level 4. HP: 38/49 MP: 4/4
  2182 | D:2      | Reached skill level 5 in Fighting
  2182 | D:2      | Reached XP level 5. HP: 33/57 MP: 5/5
  2707 | D:3      | Found a shimmering altar of Xom.
  2732 | D:3      | Noticed an ogre
  2752 | D:2      | Killed an ogre
  2752 | D:2      | Reached skill level 5 in Polearms
  2752 | D:2      | Reached XP level 6. HP: 56/66 MP: 6/6
  2755 | D:2      | Reached skill level 1 in Throwing
  2990 | D:3      | Reached *** piety under Trog
  3065 | D:3      | Noticed Jessica
  3066 | D:3      | Killed Jessica
  3168 | D:3      | Found a sacrificial altar of Ru.
  3200 | D:3      | Noticed a water moccasin
  3212 | D:3      | Killed a water moccasin
  3402 | D:3      | Found a bloodstained altar of Trog.
  3425 | D:3      | Found an ornate altar of the Wu Jian Council.
  3706 | D:4      | Reached XP level 7. HP: 35/74 MP: 7/7
  4034 | D:4      | Found a hide-covered altar of Uskayaw.
  4043 | D:4      | Noticed a +0 dagger
  4043 | D:4      | Noticed a +0 dagger
  4132 | D:4      | Found a staircase to the Ecumenical Temple.
  4232 | D:4      | Found Engaifad's Gadget Shoppe.
  4286 | D:4      | Reached skill level 6 in Fighting
  4432 | D:5      | Entered Level 5 of the Dungeon
  4752 | D:5      | Slain by an orc warrior

Levels and vault maps discovered:
D:1:      erik_arrival_orb_chamber, layout_basic, st_stairs_3,
          chequers_serial_rivers_micro_b
D:2:      layout_basic, serial_undead, serial_undead_d, serial_undead_d,
          serial_undead_c, serial_undead_a, serial_undead_f, serial_undead_f,
          serial_undead_b
D:3:      layout_loops_ring, overflow_temple_1_default, xom_redecorated,
          nicolae_overflow_hidden_temple, bloody_trog, uniq_jessica
D:4:      layout_basic, dancing_weapons_uskayaw, minmay_temple_entry_waves,
          first_ration, serial_shops, kennysheep_mini
D:5:      layout_basic, vehumet_statue, old_standard_altar,
          nicolae_overflow_crystal_walls, kennysheep_little_box, serial_shops,
          nicolae_shop_temple_entry_statues_fountains, serial_glass,
          glass_columns_c, glass_columns_a

Skill      XL: |  1  2  3  4  5  6  7 |
---------------+----------------------+-----
Dodging        | 3 4 |  4.2
Polearms       | 4 5 |  5.9
Fighting       | 5 6 |  6.0
Throwing       | 1 2 |  2.2

Action                   |  1- 3 |  4- 6 |  7- 9 || total
-------------------------+-------+-------+-------++-------
Melee: Spear             |   176 |   199 |    47 ||   422
 Fire: Hunting sling     |       |    28 |     8 ||    36
Invok: Trog's Hand       |       |     2 |       ||     2
       Berserk           |       |     3 |     1 ||     4
  Use: Scroll            |       |       |     1 ||     1
  Eat: Chunk             |     2 |     6 |     4 ||    12
       Ration            |       |     1 |       ||     1
Armor: Animal skin       |     9 |       |       ||     9
       Robe              |    17 |    45 |     6 ||    68
Dodge: Dodged            |    71 |    89 |    18 ||   178

Table legend:
 A = Non-vault XP
 B = Vault XP
 C = Vault XP percentage of total XP
 D = Non-vault monster count
 E = Vault monster count
 F = Vault count percentage of total count
                 A         B        C        D         E       F
            +---------+---------+-------+---------+---------+-------
      Total |     723 |      97 |  11.8 |      81 |      27 |  25.0
            +---------+---------+-------+---------+---------+-------
        D:1 |      41 |      17 |  29.3 |      25 |      15 |  37.5
        D:2 |     217 |      43 |  16.5 |      19 |      11 |  36.7
        D:3 |     198 |      37 |  15.7 |      24 |       1 |   4.0
        D:4 |     258 |       0 |   0.0 |      10 |       0 |   0.0
        D:5 |       9 |       0 |   0.0 |       3 |       0 |   0.0
            +---------+---------+-------+---------+---------+-------
